 Dungeon Crawl Stone Soup version 0.29.1-2-gbd0b4ee654 (webtiles) character file.

Game seed: 356791745331596105

74 leafyfresh the Sneak (level 4, -1/29 (31) HPs)
             Began as an Octopode Delver on Nov 12, 2022.
             Slain by a sky beast (5 damage)
             ... on level 3 of the Dungeon.
             The game lasted 00:08:48 (4512 turns).

leafyfresh the Sneak (Octopode Delver)              Turns: 4512, Time: 00:08:48

HP:   -1/29 (31)    AC:  1    Str: 11    XL:     4   Next: 30%
MP:   5/5           EV: 12    Int: 14    God:
Gold: 240           SH:  7    Dex: 13    Spells: 5/5 levels left

rFire   + . .      SeeInvis .   a - +3 spear
rCold   + . .      Faith    .   u - +0 kite shield {rC+ rF+}
rNeg    . . .      Spirit   .   (helmet restricted)
rPois   .          Reflect  .   (no amulet)
rElec   .          Harm     .   (no ring)
rCorr   .          Rampage  .   (no ring)
Will    .....                   (no ring)
Stlth   ++++......              (no ring)
HPRegen 0.09/turn               (no ring)
MPRegen 0.09/turn               (no ring)
                                (no ring)
                                (no ring)

@: drained
A: almost no armour, amphibious, 8 rings, camouflage 1, gelatinous body 1,
(nimble swimmer 1), tentacles
a: no special abilities


You were on level 3 of the Dungeon.
You visited 1 branch of the dungeon, and saw 5 of its levels.

You collected 240 gold pieces.

Inventory:

Hand Weapons
 a - a +3 spear (weapon)
 j - a +2 dagger of flaming
Armour
 u - a +0 kite shield of resistance (worn)
Magical Staves
 g - a staff of fire
 l - a staff of air
 t - a staff of earth
Wands
 f - a wand of digging (3)
Scrolls
 b - 2 scrolls of fog
 c - a scroll of magic mapping
 d - a scroll of fear
 h - a scroll of immolation {unknown}
 i - a scroll of blinking {unknown}
 n - 2 scrolls of identify {unknown}
 p - a scroll of amnesia {unknown}
 q - 3 scrolls of teleportation {unknown}
 s - a scroll of enchant armour {unknown}
Potions
 e - a potion of haste
 k - 2 potions of curing {unknown}
 o - a potion of lignification {unknown}
 r - a potion of heal wounds {unknown}


   Skills:
 - Level 3.0 Fighting
 + Level 2.2 Polearms
 + Level 3.4 Dodging
 - Level 7.0 Stealth
 + Level 0.5 Shields
 - Level 1.2 Spellcasting


You had 5 spell levels left.
You didn't know any spells.
Your spell library contained the following spells:

 Spells                   Type           Power      Damage    Failure   Level
 Ensorcelled Hibernation  Hex/Ice        0%         N/A       80%         2
 Passwall                 Tmut/Erth      0%         N/A       80%         2
 Swiftness                Air            0%         N/A       95%         3


Dungeon Overview and Level Annotations

Branches:
Dungeon (5/15)
 Temple: D:4-7

Altars:
Fedhas
Gozag
Makhleb


Innate Abilities, Weirdness & Mutations

You cannot wear most types of armour.
You are amphibious.
You can wear up to eight rings at the same time.
Your skin changes colour to match your surroundings (Stealth+).
Your rubbery body absorbs attacks. (AC +1, EV +1)
((You are camouflaged when in or above water. (Stealth+)))
You have tentacles for arms and can constrict up to eight enemies at once.


Message History

You start waiting.
Done waiting.
You start waiting.
Done waiting.
You start waiting.
Done waiting.
You start waiting.
Done waiting.
Unknown command.
You climb downwards.
There is a stone staircase leading up here.
You reach to attack!
You barely miss the sky beast. You hit the sky beast.
The sky beast is lightly wounded.
The sky beast hits you. The sky beast shocks you.
You miss the sky beast.
The sky beast is lightly wounded.
The sky beast misses you.
You hit the sky beast.
The sky beast is moderately wounded.
The sky beast hits you. The sky beast shocks you.
You block the sky beast's attack. You block the sky beast's attack.
You climb upwards.
There is a stone staircase leading down here.
You don't know any spells.
Sorry, you're not good enough to have a special ability.
Unknown command.
The air fills with toxic fumes!
As you read the scroll of poison, it crumbles to dust.
You block the sky beast's attack.
You closely miss the sky beast. Your squeeze misses the sky beast.
The sky beast is lightly wounded.
The sky beast hits you. The sky beast shocks you.
You hit the sky beast. You squeeze the sky beast!
The sky beast is heavily wounded.
The sky beast hits you.
* * * LOW HITPOINT WARNING * * *
The sky beast shocks you.
You die...

##...##.##.# #.###
##.....#.##§###§§§#
#....#..§.§§§§#§§§#
##..##..§§.§§§#§§§###
##..###..§§§.§§§§§§§.#
#..#####.§§§§.§§§§§..#
.........§§§§§.§§§...#
#....###.§§§§§§#§#####
....## #..##§§§Y@#
...## #..######## ..##
#..###### ..#
#.......# ..#
#.#####.# ### #.# #.#
#.#####.# #.#.....#
#.#.#####


You could see a sky beast.

Vanquished Creatures
  An adder (D:3)
  A worm (D:2)
  3 dart slugs
  An orc (D:4)
  6 ball pythons
  4 bats
  8 endoplasms
  9 goblins
  3 hobgoblins
  4 jackals (D:2)
  4 kobolds
  3 quokkas
  3 frilled lizards
  2 rats (D:1)
52 creatures vanquished.

Notes
Turn   | Place    | Note
-------+----------+-------------------------------------------
     0 | D:5      | leafyfresh the Octopode Delver began the quest for the Orb.
     0 | D:5      | Reached XP level 1. HP: 16/16 MP: 1/1
    17 | D:5      | Noticed an ogre
   166 | D:3      | Reached skill level 7 in Stealth
   166 | D:3      | Reached XP level 2. HP: 6/21 MP: 2/2
   452 | D:3      | Found a blossoming altar of Fedhas.
   707 | D:3      | Found a faded altar of an unknown god.
   711 | D:3      | Found a burning altar of Makhleb.
   994 | D:2      | Reached XP level 3. HP: 20/26 MP: 3/3
  1312 | D:1      | Reached skill level 1 in Spellcasting
  1601 | D:1      | Found a faded altar of an unknown god.
  2188 | D:2      | Found an opulent altar of Gozag.
  2259 | D:2      | Reached XP level 4. HP: 26/31 MP: 5/5
  3053 | D:4      | HP: 1/28 [wight/+0 spear (1)]
  3855 | D:4      | Noticed a sky beast
  4512 | D:3      | Slain by a sky beast

Illustrated notes

Levels and vault maps discovered:
D:1:      onia_arrival_pyramid, layout_basic, shapermc_ecumenical_altar_ellora,
          minmay_misc_feat_five, minmay_pentomino_p2
D:2:      layout_rooms, basic_altar, kennysheep_generic_room_4
D:3:      layout_basic, nicolae_overflow_ecumenical_swirl, lemuel_doored_altar,
          nicolae_figureground_pulse
D:4:      layout_loops_cross, cheibrodos_worm_habitat, serial_shops, shop
D:5:      layout_cave_pods, old_standard_altar, uniq_eustachio

Skill      XL: |  1  2  3 |
---------------+----------+-----
Stealth        | 7 |  7.0
Spellcasting   | 1 |  1.2
Dodging        | 3 |  3.4
Fighting       | |  3.0
Polearms       | |  2.2
Shields        | |  0.5

Action                   |  1- 3 |  4- 6 || total
-------------------------+-------+-------++-------
Melee: Spear             |    96 |    34 ||   130
       Constrict         |    15 |     3 ||    18
       Tentacles         |     7 |     3 ||    10
  Use: Scroll            |     4 |     1 ||     5
 Stab: Sleeping          |    14 |     2 ||    16
       Distracted        |       |     1 ||     1
Armor: Skin              |     5 |       ||     5
Dodge: Dodged            |    46 |    10 ||    56
Block: Kite shield       |     1 |     3 ||     4
